 Dungeon Crawl Stone Soup version 0.28.0-62-gf88900778d (webtiles) character file.

Game seed: 5721370058375814660

112 cbfl8 the Chopper (level 4, -1/61 HPs)
             Began as a Minotaur Berserker on June 30, 2023.
             Was a Believer of Trog.
             Slain by a gnoll
             ... wielding a +0 spear
              (7 damage)
             ... on level 3 of the Dungeon.
             The game lasted 00:01:14 (2101 turns).

cbfl8 the Chopper (Minotaur Berserker)              Turns: 2101, Time: 00:01:15

Health: -1/61      AC:  5    Str: 21    XL:     4   Next: 63%
Magic:  3/3        EV: 11    Int:  4    God:    Trog [**....]
Gold:   50         SH:  0    Dex: 12    Spells: 3/3 levels left

rFire   . . .      SeeInvis .   a - +0 hand axe
rCold   . . .      Faith    .   (no shield)
rNeg    . . .      Spirit   .   i - +0 ring mail
rPois   .          Reflect  .   (helmet restricted)
rElec   .          Harm     .   (no cloak)
rCorr   .          Rampage  .   (no gloves)
Will    .....                   (no boots)
Stlth   ..........              (no amulet)
HPRegen 0.20/turn               (no ring)
MPRegen 0.08/turn               (no ring)

@: berserking, very quick
A: horns 2, retaliatory headbutt
a: Renounce Religion, Berserk, Trog's Hand


You were on level 3 of the Dungeon.
You worshipped Trog.
Trog was pleased with you.
You visited 1 branch of the dungeon, and saw 3 of its levels.

You collected 50 gold pieces.

Inventory:

Hand Weapons
 a - a +0 hand axe (weapon)
Armour
 i - a +0 ring mail (worn)
Jewellery
 m - a +6 ring of dexterity
Scrolls
 c - a scroll of blinking {unknown}
 e - a scroll of identify {unknown}
 j - a scroll of teleportation {unknown}
 k - a scroll of acquirement {unknown}
Potions
 b - a potion of invisibility {unknown}
 d - a potion of magic {unknown}
 f - 2 potions of brilliance {unknown}
 g - a potion of might {unknown}
 h - 3 potions of mutation {unknown}
 l - a potion of degeneration {unknown}


   Skills:
 + Level 4.3 Fighting
 + Level 4.7 Axes
 + Level 2.8 Armour
 + Level 2.8 Dodging
 + Level 0.6 Stealth
 * Level 1.5 Evocations


You had 3 spell levels left.
You didn't know any spells.
Your spell library was empty.

Dungeon Overview and Level Annotations

Branches:
Dungeon (3/15)

Altars:
Cheibriados


Innate Abilities, Weirdness & Mutations

You have a pair of horns on your head.
You reflexively headbutt those who attack you in melee.


Message History

The gnoll shouts! x3; You hear a shout! x2
The gnoll hits you from afar with a +0 spear.
There are monsters nearby!
A gnoll comes into view. It is wielding a +0 whip.
The gnoll shouts!
The gnoll barely misses you.
There are monsters nearby!
You barely miss the gnoll. You headbutt the gnoll!
The gnoll is almost dead.
The gnoll hits you from afar with a +0 spear. x2
There are monsters nearby!
You closely miss the gnoll.
The gnoll is almost dead.
You closely miss the gnoll. The gnoll barely misses you.
You furiously retaliate!
You headbutt the gnoll.
You kill the gnoll!
Trog accepts your kill. The gnoll hits you with a +0 whip!
The gnoll hits you but does no damage.
The gnoll hits you from afar with a +0 spear.
A red film seems to cover your vision as you go berserk!
You feel yourself moving faster!
You feel mighty! The gnoll hits you but does no damage.
The gnoll hits you from afar with a +0 spear. x2
You are too injured to fight recklessly!
Unknown command.
You are too injured to fight recklessly!
Unknown command.
You are too injured to fight recklessly!
You barely miss the gnoll.
The gnoll hits you from afar with a +0 spear!
* * * LOW HITPOINT WARNING * * *
The gnoll hits you with a +0 whip.
* * * LOW HITPOINT WARNING * * *
You barely miss the gnoll. The gnoll closely misses you.
You hit the gnoll.
The gnoll is heavily wounded.
The gnoll hits you with a +0 whip.
* * * LOW HITPOINT WARNING * * *
The gnoll hits you from afar with a +0 spear!
You die...

......#..##...)
.#.............
......#..####.#
# ##.####...
...# #. ...
#.......# #.##
## #.#######
.g. #. #.#.###
#. #.g)@.## #.
###g#..# ##
...##.# #. ####
#.# #. #)# #.
#.# #. #.# #.
####.#### #.
#.......# #.


You could see 3 gnolls.

Vanquished Creatures
  An orc priest (D:3)
  A gnoll (D:3)
  An adder (D:3)
  A worm (D:2)
  2 dart slugs (D:1)
  3 orcs (D:3)
  5 ball pythons
  5 bats
  4 endoplasms
  8 goblins
  5 hobgoblins
  10 kobolds
  A quokka (D:1)
  2 frilled lizards (D:1)
  2 rats (D:1)
51 creatures vanquished.

Notes
Turn   | Place    | Note
-------+----------+-------------------------------------------
     0 | D:1      | cbfl8 the Minotaur Berserker began the quest for the Orb.
     0 | D:1      | Reached XP level 1. HP: 19/19 MP: 0/0
   294 | D:1      | Reached XP level 2. HP: 25/27 MP: 1/1
   717 | D:1      | Reached XP level 3. HP: 30/33 MP: 2/2
  1113 | D:2      | Reached skill level 1 in Evocations
  1204 | D:2      | Reached ** piety under Trog
  1477 | D:2      | Found a snail-covered altar of Cheibriados.
  1788 | D:3      | Reached XP level 4. HP: 10/40 MP: 3/3
  2101 | D:3      | Slain by a gnoll

Illustrated notes

Levels and vault maps discovered:
D:1:      onia_arrival_mini_spirals, layout_loops_ring, chequers_mini_garden,
          minmay_surrounded
D:2:      layout_loops_ring, basic_altar
D:3:      layout_loops_cross, nicolae_wu_jian_glorious_leap,
          lexackson_kobold_supper

Skill      XL: |  1  2  3 |
---------------+----------+-----
Axes           | 4 |  4.7
Fighting       | 4 |  4.3
Evocations     | 1 |  1.5
Armour         | |  2.8
Dodging        | |  2.8
Stealth        | |  0.6

Action                   |  1- 3 |  4- 6 || total
-------------------------+-------+-------++-------
Melee: Hand axe          |    98 |    12 ||   110
       Headbutt          |    19 |     1 ||    20
       Punch             |     2 |       ||     2
Invok: Berserk           |     2 |     1 ||     3
 Stab: Sleeping          |     1 |       ||     1
Armor: Animal skin       |     9 |       ||     9
       Ring mail         |    13 |     3 ||    16
Dodge: Dodged            |    46 |     9 ||    55
